 Dungeon Crawl Stone Soup version 0.32-a0-607-g64ea0e4219 (webtiles) character file.

Game seed: 17789523500524660345

2 Shayle the Apothecary (level 1, -2/13 HPs)
             Began as a Coglin Alchemist on Mar 4, 2024.
             Frozen to death by an endoplasm (4 damage)
             ... on level 1 of the Dungeon.
             The game lasted 00:00:58 (87 turns).

Shayle the Apothecary (Coglin Alchemist)              Turns: 87, Time: 00:00:58

Health: -2/13      AC:  2    Str:  8    XL:     1   Next: 30%
Magic:  3/3        EV: 12    Int: 14    God:
Gold:   25         SH:  0    Dex: 14    Spells: 2/3 levels left

rFire   . . .        d - +0 dagger {Francisca}
rCold   . . .        (no shield)
rNeg    . . .        a - +0 robe
rPois   .            (no helmet)
rElec   .            (no cloak)
rCorr   .            (no gloves)
SInv    .            (no boots)
Will    .....        (amulet unavailable)
Stlth   ++           (ring unavailable)
HPRegen 0.22/turn    (ring unavailable)
MPRegen 0.08/turn    (no gizmo)

%: no passive effects
@: revving
A: off-hand wielding, slow wielding, warmup strikes, no jewellery
a: Invent Gizmo


You were on level 1 of the Dungeon.
You visited 1 branch of the dungeon, and saw 2 of its levels.

You collected 25 gold pieces.

Inventory:

Hand Weapons
 d - a +0 dagger (weapon) {Francisca}
Armour
 a - a +0 robe (worn)


   Skills:
 + Level 0.2 Fighting
 + Level 1.8 Dodging
 + Level 1.6 Stealth
 - Level 1.7 Spellcasting
 - Level 0.8 Conjurations
 - Level 3.2 Alchemy


You had 2 spell levels left.
You knew the following spells:

 Your Spells              Type           Power      Damage    Failure   Level
a - Sting                 Conj/Alch      28%        1d4       11%         1

Your spell library contained the following spells:

 Spells                   Type           Power      Damage    Failure   Level
 Mercury Vapours          Alch/Air       10%        N/A       19%         2
 Mephitic Cloud           Conj/Alch/Air  5%         N/A       38%         3
 Olgreb's Toxic Radiance  Alch           10%        N/A       54%         4
 Sticky Flame             Fire/Alch      5%         2d4       77%         4


Dungeon Overview and Level Annotations

Branches:
Dungeon (2/15)

Altars:


Innate Abilities, Weirdness & Mutations

You can wield a second weapon in your off-hand.
It takes a long time for you to wield or remove held weapons.
Your first few attacks do less damage.
You cannot equip rings or amulets.


Message History

You stop descending the stairs.
The ball python constricts you.
Unknown command.
Okay, then.
Okay, then.
You escape the ball python's grasp.
Found a dagger.
The endoplasm quivers.
The endoplasm hits you.
Found a scroll labelled TIACRINEUFF.
The giant cockroach attacks as it pursues you!
The giant cockroach closely misses you.
Found a scroll labelled CEEREA RUWN.
Your magical contamination has completely faded away.
The giant cockroach attacks as it pursues you!
The giant cockroach misses you.
The ball python attacks as it pursues you!
The ball python misses you. The ball python barely misses you.
The giant cockroach misses you.
You closely miss the ball python. The ball python misses you.
The ball python closely misses you.
Casting: Sting (safe; 11% risk of failure)
Confirm with . or Enter, or press ? or * to list all spells.
Aiming: Sting (safe; 11% risk of failure)
Press: ? - help, Shift-Dir - straight line, f/p - endoplasm
Aim: an endoplasm (97% to hit)
The sting hits the ball python.
The ball python is poisoned.
The ball python is severely wounded.
You kill the ball python!
You barely miss the endoplasm. The endoplasm freezes you.
You are frozen.
Unknown command.
Magic courses through your body. The endoplasm freezes you.
You are frozen.
* * * LOW HITPOINT WARNING * * *
As you read the scroll labelled ZOLIST LUALAWI, it dissolves into smoke.
It was a scroll of fog.
The endoplasm freezes you.
You are frozen.
You die...

.....
#...........>......#
P....
..................
..................
##.##....#####...
#............ ).
#............ .
#J§...........
#J#...........
#@#...........
#+#...........
.#.........
.#.?...... . ####?..
..


You could see 2 endoplasms.

Vanquished Creatures
  A goblin (D:1)
  A ball python (D:1)
2 creatures vanquished.

Notes
Turn   | Place    | Note
-------+----------+-------------------------------------------
     0 | D:1      | Shayle the Coglin Alchemist began the quest for the Orb.
     0 | D:1      | Reached XP level 1. HP: 13/13 MP: 3/3
    63 | D:1      | You fall into a shaft and drop 1 floor!
    87 | D:1      | Frozen to death by an endoplasm

Illustrated notes

Levels and vault maps discovered:
D:1:      orjb1_lava_funnel, layout_basic, ebering_ecumenical_altar_hall
D:2:      layout_basic, basic_altar, grunt_ministairs_14, uniq_terence

Action                     || total
---------------------------++-------
  Melee: Dagger            ||     2
   Cast: Sting             ||     4
    Use: Scroll            ||     1
         Potion            ||     1
 Armour: Robe              ||     2
  Dodge: Dodged            ||     8

Table legend: (Time is in decaauts)
 A = Elapsed time spent in this place.
 B = Non-inter-level travel time spent in this place.
 C = Inter-level travel time spent in this place.
 D = Time resting spent in this place.
 E = Time spent auto-exploring this place.
 F = Levels seen in this place.
 G = Mean time per level.
                   A        B        C        D        E       F      G
               +--------+--------+--------+--------+--------+-----+--------+
         Total |     86 |     86 |      0 |     15 |     25 |   2 |   43.0 |
       Dungeon |     86 |     86 |      0 |     15 |     25 |   2 |   43.0 |
               +--------+--------+--------+--------+--------+-----+--------+

Top non-repeatable levels by time:
     D:1: 78 daAuts
     D:2: 7 daAuts
